 Dungeon Crawl Stone Soup version 0.17.0-28-g6e173f8 (webtiles) character file.

1275 coffecat the Covert (level 8, 0/61 HPs)
             Began as a Vampire Assassin on Dec 2, 2015.
             Slain by an orc warrior
             ... wielding a +0 dire flail
              (17 damage)
             ... on level 7 of the Dungeon on Dec 3, 2015.
             The game lasted 00:30:26 (4912 turns).

coffecat the Covert (Vampire Assassin)              Turns: 4912, Time: 00:30:27

Health: 0/61       AC:  9    Str: 10    XL:     8   Next: 28%
Magic:  8/8        EV: 16    Int: 13    God:
Gold:   208        SH:  0    Dex: 18    Spells: 0 memorised, 7 levels left

rFire  . . .     SeeInvis +     z - +0 morningstar
rCold  + + .     Clarity  .     C - +0 robe
rNeg   + + .     SustAt   .     (no shield)
rPois  +         Gourm    .     y - +2 hat
rElec  .         Spirit   .     x - +0 cloak
rCorr  .         Warding  .     o - +2 pair of gloves
rMut   .         Rnd*Tele +     i - +0 pair of boots
MR     .....                    (no amulet)
Stlth  ++++++....               B - ring of teleportation (curse)
                                v - ring of protection from cold

@: regenerating slowly, not resistant to hostile enchantments, very stealthy
A: fangs 3, see invisible, unbreathing
a: Bat Form, Evoke Teleportation


You were on level 7 of the Dungeon.
You were very thirsty.

You visited 1 branch of the dungeon, and saw 7 of its levels.

You collected 208 gold pieces.

Inventory:

Hand Weapons
 a - a +2 dagger
 b - a +0 blowgun
 z - a +0 morningstar (weapon)
Missiles
 e - 8 poisoned needles
 f - 2 curare-tipped needles
Armour
 h - a +0 robe
 i - a +0 pair of boots (worn)
 o - a +2 pair of gloves (worn)
 x - a +0 cloak (worn)
 y - a +2 hat (worn)
 C - a +0 robe (worn)
Jewellery
 v - a ring of protection from cold (left hand)
 B - a cursed ring of teleportation (right hand)
Scrolls
 c - a scroll of random uselessness {unknown}
 d - a scroll of recharging {unknown}
 j - 2 scrolls of remove curse
 k - a scroll of identify {unknown}
 l - a scroll of immolation {unknown}
 n - 2 scrolls of noise {unknown}
 q - 2 scrolls of fog {unknown}
 r - a scroll of teleportation {unknown}
 t - a scroll of enchant armour {unknown}
Potions
 g - 12 potions of blood
 m - 3 potions of curing
 p - 2 potions of agility {unknown}
 s - 2 potions of lignification {unknown}
 w - a potion of ambrosia {unknown}
 A - a potion of magic {unknown}
 D - a potion of degeneration {unknown}
Books
 u - a book of Dreams

   Spells                             Type                      Level
   a - Ensorcelled Hibernation        Hexes/Ice                    2
   b - Phase Shift                    Translocation                5
   c - Shadow Creatures               Summoning                    5
   d - Silence                        Hexes/Air                    5
   e - Darkness                       Hexes                        6
   f - Mass Confusion                 Hexes                        6


   Skills:
 * Level 4.9 Fighting
 + Level 3.7 Short Blades
 - Level 1.0 Maces & Flails
 + Level 2.2 Throwing
 - Level 0.4 Armour
 + Level 5.3 Dodging
 * Level 10.8 Stealth


You had 7 spell levels left.
You didn't know any spells.

Dungeon Overview and Level Annotations

Branches:
Dungeon (7/15)             Temple (0/1) D:5

Altars:
Elyvilon
Okawaru
Qazlal
Trog

Annotations:
D:3 emiel's ghost, amateur CeMo
D:7 HandofTrog's ghost, novice TrWr


Innate Abilities, Weirdness & Mutations

You heal slowly.
You have razor-sharp teeth.
You have supernaturally acute eyesight.
You can survive without breathing.


Message History

The orc warrior hits you but does no damage.
You closely miss the orc warrior.
You bite the orc warrior, but do no damage.
The orc warrior is heavily wounded.
The orc completely misses you. The orc warrior barely misses you.
You hit the orc warrior.
The orc warrior is almost dead.
The orc completely misses you. The orc warrior completely misses you.
The orc warrior misses you. The orc barely misses you.
You barely miss the orc warrior.
You bite the orc warrior, but do no damage.
The orc warrior is almost dead.
The orc hits you with a flail of protection.
* * * LOW HITPOINT WARNING * * *
The orc warrior hits you with a dire flail.
* * * LOW HITPOINT WARNING * * *
Drink which item? (? for menu, Esc to quit)
You feel better. The orc completely misses you.
The orc warrior hits you with a dire flail!
You die...

#### ##..# #....
##############....
#@ooo.............
#.....o#######.........
###########....#.......
##...###........
#..####..o...... ###)##
#.....o... ##########
#...# #.........
#...[....# #.###
#......o.. #........#
##.# #.........


You could see an orc warrior and 3 orcs.

Vanquished Creatures
  Prince Ribbit (D:5)
  Sigmund (D:2)
  A phantom (D:6)
  2 ogres
  A centaur (D:6)
  2 giant frogs (D:6)
  A scorpion (D:4)
  2 hounds (D:5)
  A centaur skeleton (D:4)
  Ijyb (D:2)
  A jelly (D:5)
  An iguana (D:5)
  7 worker ants
  3 adders
  2 adder skeletons
  A worm (D:2)
  3 giant geckos
  9 orcs (D:3)
  3 ball pythons
  5 giant cockroaches
  5 goblins
  6 hobgoblins
  3 jackals (D:3)
  4 kobolds
  A quokka (D:3)
  3 bats
  A giant newt (D:1)
  A quokka skeleton (D:4)
  6 rats
78 creatures vanquished.

Notes
Turn   | Place    | Note
--------------------------------------------------------------
     0 | D:1      | coffecat the Vampire Assassin began the quest for the Orb.
     0 | D:1      | Reached XP level 1. HP: 16/16 MP: 1/1
     2 | D:1      | Noticed an electric eel
    31 | D:1      | Reached skill level 6 in Stealth
   368 | D:1      | Reached XP level 2. HP: 16/22 MP: 2/2
   919 | D:2      | Noticed Sigmund
   931 | D:2      | Killed Sigmund
   931 | D:2      | Reached skill level 8 in Stealth
   931 | D:2      | Reached XP level 3. HP: 26/28 MP: 3/3
   931 | D:2      | Reached XP level 4. HP: 31/34 MP: 4/4
   931 | D:2      | Reached XP level 5. HP: 35/39 MP: 5/5
  1221 | D:2      | Noticed Ijyb
  1267 | D:2      | Killed Ijyb
  1388 | D:3      | Noticed emiel's ghost (amateur CeMo)
  1819 | D:3      | Found a white marble altar of Elyvilon.
  2239 | D:4      | Reached XP level 6. HP: 43/47 MP: 6/6
  2626 | D:4      | Found an iron altar of Okawaru.
  3088 | D:5      | Entered Level 5 of the Dungeon
  3240 | D:5      | Found a staircase to the Ecumenical Temple.
  3261 | D:5      | Noticed Prince Ribbit
  3269 | D:5      | Killed Prince Ribbit
  3269 | D:5      | Reached skill level 9 in Stealth
  3269 | D:5      | Reached XP level 7. HP: 54/54 MP: 7/7
  3462 | D:5      | Reached skill level 1 in Maces & Flails
  3535 | D:6      | Reached skill level 10 in Stealth
  3547 | D:6      | Found a bloodstained altar of Trog.
  4095 | D:6      | Reached skill level 5 in Dodging
  4095 | D:6      | Reached XP level 8. HP: 61/61 MP: 8/8
  4426 | D:6      | Found a stormy altar of Qazlal.
  4780 | D:7      | Noticed HandofTrog's ghost (novice TrWr)
  4912 | D:7      | Slain by an orc warrior

Action                   |  1- 3 |  4- 6 |  7- 9 || total
-------------------------+-------+-------+-------++-------
Melee: Dagger            |    60 |   153 |   109 ||   322
       Morningstar       |       |    13 |    14 ||    27
 Fire: Blowgun           |     4 |     4 |    10 ||    18
  Use: Potion            |       |     3 |     4 ||     7
       Scroll            |       |     1 |     1 ||     2
 Stab: Sleeping          |     3 |    10 |    10 ||    23
       Distracted        |       |     1 |       ||     1
